 Dungeon Crawl Stone Soup version 0.29.1-15-g9cfb28693d (webtiles) character file.

Game seed: 8312388534363052388

120 Arctor the Insei (level 4, -12/37 HPs)
             Began as a Draconian Transmuter on Feb 23, 2023.
             Mangled by a wyvern (19 damage)
             ... on level 4 of the Dungeon.
             The game lasted 00:03:40 (4276 turns).

Arctor the Insei (Draconian Transmuter)             Turns: 4276, Time: 00:03:41

Health: -12/37     AC:  2    Str: 12    XL:     4   Next: 75%
Magic:  4/8        EV: 20    Int: 14    God:
Gold:   198        SH:  0    Dex: 18    Spells: 4/8 levels left

rFire   . . .      SeeInvis .     - Unarmed
rCold   . . .      Faith    .   (shield currently unavailable)
rNeg    . . .      Spirit   .   (body armour unavailable)
rPois   x          Reflect  .   (helmet currently unavailable)
rElec   .          Harm     .   (cloak currently unavailable)
rCorr   +          Rampage  .   (gloves currently unavailable)
Will    .....      Clarity  +   (boots currently unavailable)
Stlth   ++........              (no amulet)
HPRegen 0.12/turn               f - ring of flight
MPRegen 0.11/turn               d - ring of resist corrosion

@: spider-form (expiring), flying
A: venomous fangs, AC +5, tiny, unfitting armour, (cold-blooded), clarity
a: End Transformation


You were on level 4 of the Dungeon.
You were a venomous arachnid creature.
You visited 1 branch of the dungeon, and saw 4 of its levels.

You collected 198 gold pieces.

Inventory:

Jewellery
 d - a ring of resist corrosion (right front leg)
 f - a ring of flight (left front leg)
Scrolls
 b - a scroll of fear
 e - a scroll of teleportation
 k - a scroll of enchant weapon {unknown}
Potions
 a - 2 potions of lignification
 c - 2 potions of degeneration
 g - 3 potions of curing {unknown}
 h - 2 potions of mutation
 i - a potion of invisibility {unknown}
 j - a potion of cancellation {unknown}


   Skills:
 + Level 2.3 Fighting
 + Level 2.5 Dodging
 + Level 3.6 Unarmed Combat
 + Level 2.7 Spellcasting
 + Level 2.8 Transmutations


You had 4 spell levels left.
You knew the following spells:

 Your Spells              Type           Power      Damage    Failure   Level
a - Beastly Appendage     Tmut           18%        N/A       19%         1
b - Spider Form           Tmut/Pois      5%         N/A       58%         3

Your spell library contained the following spells:

 Spells                   Type           Power      Damage    Failure   Level
 Wereblood                Tmut           9%         N/A       26%         2
 Static Discharge         Conj/Air       1%         3-4/arc   54%         2
 Dazzling Flash           Conj/Hex       2%         N/A       75%         3
 Ice Form                 Ice/Tmut       5%         N/A       90%         4
 Dispel Undead            Necr           1%         3d6       98%         4
 Sticky Flame             Conj/Fire      1%         2d3       98%         4
 Agony                    Necr           1%         N/A       100%        5
 Silence                  Hex/Air        0%         N/A       100%        5


Dungeon Overview and Level Annotations

Branches:
Dungeon (4/15)
 Temple: D:4-7

Altars:
Ru
Xom

Shops:
D:3 ?   D:4 (


Innate Abilities, Weirdness & Mutations

You are a venomous arachnid creature.
You have poisonous fangs.
You are tiny and dextrous.
Your spellcasting is less reliable in this form.
Your armour is entirely melded.
You are incapable of wielding weapons or throwing items.
((Your plain brown scales are hard. (AC +5)))
You cannot fit into any form of body armour.
((You are cold-blooded and may be slowed by cold attacks.))
You possess an exceptional clarity of mind.


Message History

The spell is quite dangerous to miscast (36% risk of failure)!
Continue anyway?
Your horns disappear.
Your talons disappear.
You turn into a venomous arachnid creature.
The orc misses you.
You hit the orc.
The orc is poisoned.
The orc is heavily wounded.
The orc barely misses you.
You hit the orc.
You kill the orc!
The wyvern misses you.
You hit the wyvern.
The wyvern is poisoned.
Your attack snaps the wyvern out of its fear.
The wyvern is lightly wounded.
The wyvern completely misses you.
Your magical contamination has completely faded away.
You hit the wyvern.
The wyvern looks as sick as possible!
The wyvern is moderately wounded.
Your transformation is almost over.
The wyvern bites you but does no damage.
You hit the wyvern but do no damage.
The wyvern is moderately wounded.
The wyvern bites you! The wyvern completely misses you.
You barely miss the wyvern.
The wyvern is moderately wounded.
The wyvern completely misses you.
You completely miss the wyvern.
The wyvern is moderately wounded.
The wyvern completely misses you. The wyvern bites you!
You hit the wyvern but do no damage.
The wyvern is heavily wounded.
The wyvern completely misses you.
You barely miss the wyvern.
The wyvern is heavily wounded.
The wyvern bites you!
* * * LOW HITPOINT WARNING * * *
You hit the wyvern.
The wyvern looks as sick as possible!
The wyvern is heavily wounded.
The wyvern bites you!!
Ouch! That really hurt!
You die...

.. ......#.#'..
..##.###.##...##.. #.#.#
......#.#.##..
..#...##.##...#.|#.. .....
#.#.#.#...#.#.#.##.. .....
#...#...#...#...#+..
.....#########.#.#.#...#.#.#.##..
. .............#.†.##.##...#..#..
..........#.#s#.......#.#.##
##+##........#.l.##.###.##...#
##.##........#.#...........#.#
##'##..........##.###.###.##...
.............#...............#.#
.............##.###.###.###.# .#
..†.....................###... #
....#......†.......##...# ....
....###..#####.....# ...# ...


You could see a wyvern (extremely poisoned).

Vanquished Creatures
  4 adders
  2 worms (D:2)
  A dart slug (D:3)
  9 orcs
  4 endoplasms
  4 giant cockroaches
  3 goblins (D:3)
  9 hobgoblins
  5 quokkas
  5 ball pythons
  10 bats
  4 kobolds
  3 rats
63 creatures vanquished.

Notes
Turn   | Place    | Note
-------+----------+-------------------------------------------
     0 | D:1      | Arctor the Draconian Transmuter began the quest for the
                  | Orb.
     0 | D:1      | Reached XP level 1. HP: 16/16 MP: 3/3
   509 | D:1      | Reached XP level 2. HP: 23/23 MP: 3/5
  1072 | D:2      | Gained mutation: You possess an exceptional clarity of
                  | mind. [potion of mutation]
  1380 | D:2      | HP: 1/23 [worm (8)]
  2044 | D:2      | Reached XP level 3. HP: 18/29 MP: 4/6
  2181 | D:2      | Learned a level 3 spell: Spider Form
  3089 | D:3      | Reached XP level 4. HP: 36/36 MP: 5/7
  3451 | D:3      | Found Pofajet's Magic Scroll Boutique.
  3602 | D:3      | Found a faded altar of an unknown god.
  3739 | D:3      | Found a sacrificial altar of Ru.
  3742 | D:3      | Found a shimmering altar of Xom.
  4199 | D:4      | Found Kyha's Antique Weapon Shoppe.
  4246 | D:4      | Noticed a wyvern
  4276 | D:4      | Mangled by a wyvern

Illustrated notes

Levels and vault maps discovered:
D:1:      roderic_dead_forest, layout_loops_ring
D:2:      layout_rooms, minmay_bisected
D:3:      layout_loops_ring, nicolae_overflow_hidden_temple, serial_shops,
          nicolae_shop_crystal, basic_ecumenical_altar
D:4:      layout_basic, portal_sewer_entry_f, serial_shops,
          nicolae_shop_advertising_works [nicolae_subvault_shop_adworks],
          nicolae_concentric_dashed_squares_wild, eino_curves_02, minmay_cupped

Skill      XL: |  1  2  3 |
---------------+----------+-----
Dodging        | 2 |  2.5
Fighting       | 2 |  2.3
Unarmed Combat | |  3.6
Spellcasting   | |  2.7
Transmutations | |  2.8

Action                   |  1- 3 |  4- 6 || total
-------------------------+-------+-------++-------
Melee: Unarmed           |   127 |    81 ||   208
       Kick              |    17 |    11 ||    28
       Tailslap          |    13 |     6 ||    19
       Headbutt          |    13 |     9 ||    22
       Punch             |     1 |       ||     1
 Cast: Beastly Appendage |    29 |    24 ||    53
       Spider Form       |       |     1 ||     1
  Use: Scroll            |     5 |     1 ||     6
       Potion            |     1 |       ||     1
 Stab: Sleeping          |     1 |     1 ||     2
Armor: Skin              |    45 |    20 ||    65
Dodge: Dodged            |    92 |    42 ||   134
